 Dungeon Crawl Stone Soup version 0.32-a0-699-g1ee5eff69a (webtiles) character file.

Game seed: 7651705570386408564

25 arcshroob the Ducker (level 2, 0/21 HPs)
             Began as a Demonspawn Shapeshifter on Mar 13, 2024.
             Frozen to death by an endoplasm (4 damage)
             ... on level 1 of the Dungeon.
             The game lasted 00:01:22 (796 turns).

arcshroob the Ducker (Demonspawn Shapeshifter)       Turns: 796, Time: 00:01:22

Health: 0/21       AC:  2    Str: 14    XL:     2   Next: 86%
Magic:  2/2        EV: 11    Int: 10    God:
Gold:   43         SH:  0    Dex: 12    Spells: 1/1 levels left

rFire   . .          .
                       - Unarmed
rCold   . . .        (no shield)
rNeg    . . .        a - +0 animal skin
rPois   .            (helmet currently unavailable)
rElec   .            (cloak currently unavailable)
rCorr   .            (gloves currently unavailable)
SInv    .            (boots currently unavailable)
Will    .....        (no amulet)
Stlth   +            e - ring of flight
HPRegen 0.23/turn    (no ring)
MPRegen 0.08/turn

%: no passive effects
@: beast-form, flying
A: beast (slay +1), antennae 1
a: Begin Untransformation


You were on level 1 of the Dungeon.
You were a hulking beast.
You visited 1 branch of the dungeon, and saw 1 of its levels.

You collected 43 gold pieces.

Inventory:

Armour
 a - a +0 animal skin (worn)
Jewellery
 e - a ring of flight (left hand)
Talismans
 c - a beast talisman (active)
 d - a flux talisman
Scrolls
 f - a scroll of identify {unknown}
Potions
 b - a potion of lignification


   Skills:
 - Level 1.0 Fighting
 + Level 3.1 Dodging
 - Level 2.6 Unarmed Combat
 - Level 2.6 Shapeshifting


You had one spell level left.
You didn't know any spells.
Your spell library contained the following spells:

 Spells                   Type           Power      Damage    Failure   Level
 Lesser Beckoning         Tloc           0%         N/A       50%         2
 Gell's Gravitas          Tloc           0%         N/A       75%         3
 Teleport Other           Tloc           0%         N/A       75%         3


Dungeon Overview and Level Annotations

Branches:
Dungeon (1/15)

Altars:


Innate Abilities, Weirdness & Mutations

You are a hulking beast.
Your limbs bulge with bestial killing power. (Slay +1)
You have a pair of small antennae on your head.


Message History

You hit the hobgoblin but do no damage. The hobgoblin hits you.
The ball python barely misses you. The ball python constricts you.
You closely miss the hobgoblin.
The ball python bites you but does no damage.
The ball python constricts you.
The hobgoblin hits you but does no damage.
You completely miss the hobgoblin. The ball python bites you.
The ball python constricts you.
The hobgoblin hits you but does no damage.
You hit the hobgoblin but do no damage.
The ball python bites you but does no damage.
The ball python constricts you. The hobgoblin hits you.
You barely miss the ball python. The ball python bites you.
The ball python constricts you. The hobgoblin hits you.
* * * LOW HITPOINT WARNING * * *
The ball python barely misses you. The ball python constricts you.
* * * LOW HITPOINT WARNING * * *
You escape the ball python's grasp.
The hobgoblin attacks as it pursues you!
The hobgoblin barely misses you.
There is an open door here.
You hit the hobgoblin but do no damage. You hit the hobgoblin.
The hobgoblin is almost dead.
The hobgoblin hits you.
* * * LOW HITPOINT WARNING * * *
You hit the hobgoblin.
You kill the hobgoblin!
You closely miss the ball python. The ball python closely misses you.
You hit the ball python.
The ball python is moderately wounded.
The ball python bites you but does no damage.
The ball python closely misses you.
You hit the ball python.
You kill the ball python!
You hit the endoplasm.
The endoplasm is moderately wounded.
The endoplasm freezes you.
You are frozen.
You die...

........#
.#######.....#
..^.....#
#..#.....'......
.^_^....#
#..###.###.....#
...^....# #..#
#.# #.....#
........# #..#
#.# #.....#
........# #..#
#.# #.....#
........# #^.#
#.# #.....#
........###..#
#.# #######
........Jh...#
#.#
........##...#
#.#
##########...#
#.# #####...#
#.# #.......#
#.# #.####..#
#.# #..###.#
#...)..#
#.######


You could see an endoplasm.

Vanquished Creatures
  3 bats (D:1)
  A giant cockroach (D:1)
  2 goblins (D:1)
  7 hobgoblins (D:1)
  A quokka (D:1)
  2 ball pythons (D:1)
  2 kobolds (D:1)
  4 rats (D:1)
22 creatures vanquished.

Notes
Turn   | Place    | Note
-------+----------+-------------------------------------------
     0 | D:1      | arcshroob the Demonspawn Shapeshifter began the quest for
                  | the Orb.
     0 | D:1      | Reached XP level 1. HP: 15/15 MP: 1/1
    27 | D:1      | Reached skill level 2 in Dodging
   155 | D:1      | Discovered your monstrous ancestry.
   155 | D:1      | Gained mutation: You have a pair of small antennae on your
                  | head. [demonic ancestry]
   155 | D:1      | Reached XP level 2. HP: 12/21 MP: 2/2
   743 | D:1      | Reached skill level 3 in Dodging
   777 | D:1      | Found a faded altar of an unknown god.
   796 | D:1      | Frozen to death by an endoplasm

Illustrated notes

Levels and vault maps discovered:
D:1:      dpeg_arrival_rooms_a, layout_basic, ebering_ecumenical_altar_webs,
          minivault_19, corner_web_ring

Skill      XL: |  1  2 |
---------------+-------+-----
Dodging        | 2 3 |  3.1
Fighting       | |  1.0
Unarmed Combat | |  2.6
Shapeshifting  | |  2.6

Action                     || total
---------------------------++-------
  Melee: Unarmed           ||    75
         Punch             ||     1
   Stab: Sleeping          ||     1
 Armour: Animal skin       ||    64
  Dodge: Dodged            ||    42

Table legend: (Time is in decaauts)
 A = Elapsed time spent in this place.
 B = Non-inter-level travel time spent in this place.
 C = Inter-level travel time spent in this place.
 D = Time resting spent in this place.
 E = Time spent auto-exploring this place.
 F = Levels seen in this place.
 G = Mean time per level.
                   A        B        C        D        E       F      G
               +--------+--------+--------+--------+--------+-----+--------+
         Total |    791 |    791 |      0 |      0 |    621 |   1 |  791.0 |
       Dungeon |    791 |    791 |      0 |      0 |    621 |   1 |  791.0 |
               +--------+--------+--------+--------+--------+-----+--------+

Top non-repeatable levels by time:
     D:1: 791 daAuts
